 Dungeon Crawl Stone Soup version 0.27.1-4-g1640c2035a (webtiles) character file.

Game seed: 3643119807884283852

1048 raph the Magician (level 8, -1/58 HPs)
             Began as a Djinni Fire Elementalist on Nov 13, 2021.
             Was an Initiate of Ashenzari.
             Splashed by an acid dragon's acid (9 damage)
             ... on level 6 of the Dungeon.
             The game lasted 00:10:56 (8954 turns).

raph the Magician (Djinni Fire Elementalist)        Turns: 8954, Time: 00:10:57

Health: -1/58      AC:  0    Str:  9    XL:     8   Next: 50%
Gold:   103        EV: 14    Int: 18    God:    Ashenzari [......] SH:  0 Dex: 15

rFire    + + .     SeeInvis .   q - +8 mithril axe "Arga" {speed, Will+}
rCold    x . .     Faith    .   (no shield)
rNeg     . . .     Spirit   .   a - +0 robe
rPois    ∞         Reflect  .   o - +1 helmet
rElec    .         Harm     .   (no cloak)
rCorr    .         Rampage  .   (no gloves)
Will     +....                  (boots unavailable)
Stlth    ++........             (no amulet)
HPRegen  0.19/turn              h - ring of wizardry
MPRegen  0.00/turn              (no ring)

@: corroded, flying
A: sickness immunity, fire resistance 2, cold vulnerability 1, float, innate
caster, hp casting, extra vitality 1, screaming 1, strong 1
a: Renounce Religion


You were on level 6 of the Dungeon.
You worshipped Ashenzari.
Ashenzari was noncommittal.
You visited 2 branches of the dungeon, and saw 7 of its levels.

You collected 208 gold pieces.
You spent 105 gold pieces at shops.

Inventory:

Hand Weapons
 d - a +0 trident
 q - the +8 mithril axe "Arga" (weapon) {speed, Will+}
   (You acquired it on level 5 of the Dungeon)

   Attacks with this weapon are significantly faster.
   Will:      It increases your willpower.
Armour
 a - a +0 robe (worn)
 o - a +1 helmet (worn)
Jewellery
 h - a ring of wizardry (left hand)
Scrolls
 g - 3 scrolls of teleportation
 i - a scroll of holy word
 k - 2 scrolls of identify
 n - a scroll of enchant weapon
 p - a scroll of fog
Potions
 b - a potion of might
 c - a potion of degeneration
 e - 2 potions of brilliance
 f - a potion of invisibility
 j - a potion of curing
 l - 2 potions of cancellation
 m - 2 potions of haste


   Skills:
 + Level 3.9 Fighting
 + Level 5.2 Dodging
 - Level 1.9 Stealth
 + Level 5.9 Spellcasting


You couldn't memorise any spells.
You knew the following spells:

 Your Spells              Type           Power      Damage    Failure   Level
a - Foxfire               Conj/Fire      100%       2x1d9     1%          1
b - Conjure Flame         Conj/Fire      26%        6-21      1%          3
c - Inner Flame           Hex/Fire       26%        N/A       1%          3
d - Sticky Flame          Conj/Fire      26%        2d5       4%          4
e - Fireball              Conj/Fire      13%        3d7       12%         5
f - Corona                Hex            28%        N/A       1%          1
g - Call Imp              Summ           26%        N/A       1%          2
h - Ignite Poison         Fire/Tmut/Pois 26%        N/A       1%          3
Your spell library was empty.

Dungeon Overview and Level Annotations

Branches:
Dungeon (6/15)             Temple (1/1) D:5

Altars:
Ashenzari
Cheibriados
Dithmenos
Elyvilon
Fedhas
Hepliaklqana
Kikubaaqudgha
Makhleb
Nemelex Xobeh
Okawaru
Qazlal
Ru
Sif Muna
Trog
Uskayaw
Vehumet
Wu Jian
Zin

Shops:
D:4 ?

Annotations:
D:2 Terence


Innate Abilities, Weirdness & Mutations

You are immune to sickness and miasma.
You are immune to poison.
Your flesh is very heat resistant. (rF++)
You are vulnerable to cold. (rC-)
You float through the air rather than walking.
You learn spells naturally, not from books.
Your magical power is your life essence.
You have superior vitality. (+4 HP)
You occasionally shout uncontrollably at your foes.
Your muscles are strong. (Str +2)


Message History

Your foxfire dissipates!
The acid dragon roars!
Casting: Foxfire (safe; 1% risk of failure)
Confirm with . or Enter, or press ? or * to list all spells.
You conjure some foxfire!
The acid dragon spits acid at you. The splash of acid hits you!
You are splashed with acid!
Casting: Foxfire (safe; 1% risk of failure)
Confirm with . or Enter, or press ? or * to list all spells.
You conjure some foxfire!
The foxfire hits the acid dragon but does no damage.
The foxfire hits the acid dragon.
The acid dragon is lightly wounded.
The foxfire hits the acid dragon.
The acid dragon is moderately wounded.
The foxfire hits the acid dragon but does no damage.
The acid dragon is moderately wounded.
The acid dragon bites you!
* * * LOW HITPOINT WARNING * * *
The acid dragon claws you.
* * * LOW HITPOINT WARNING * * *
You barely miss the acid dragon.
The acid dragon is lightly wounded.
The acid dragon misses you.
The acid dragon claws you but does no damage.
Casting: Foxfire (safe; 1% risk of failure)
Confirm with . or Enter, or press ? or * to list all spells.
Aiming: Sticky Flame (dangerous; 4% risk of failure)
Press: ? - help, Shift-Dir - straight line, f - acid dragon
Aim: an acid dragon (lightly wounded, 100% to hit)
The sticky flame hits the acid dragon.
The acid dragon is moderately wounded.
The acid dragon is covered in liquid flames!
* * * LOW HITPOINT WARNING * * *
The acid dragon burns!
The acid dragon spits acid at you. The splash of acid hits you.
* * * LOW HITPOINT WARNING * * *
The acid corrodes you!
You are splashed with acid!
You die...

#............#
#.......
#...#.........##
........
....###.........#
........
....##..........#
...
...#....§..#....
#.
........##.##...
........#...##..
##.##>......# ..
#..^.....@##
...###...D........
.# #.......#.....
.........# ..#.
..#........ ...
...##.....##. ..
.. ..###.. .. #
... ... .


You could see an acid dragon (burning, catching breath).

Vanquished Creatures
  2 sky beasts (D:5)
  An ice beast (D:5)
  A black bear (D:5)
  A centaur (D:5)
  A scorpion (D:5)
  A water moccasin zombie (D:5)
  3 hounds
  2 bullfrog skeletons
  2 jellies
  A centaur skeleton (D:5)
  An iguana (D:5)
  An orc wizard (D:4)
  4 gnolls (D:3)
  7 adders
  A howler monkey skeleton (D:6)
  A shadow imp (D:5)
  2 adder skeletons (D:4)
  2 dart slugs
  11 orcs
  6 endoplasms
  A giant cockroach (D:4)
  5 goblins
  7 hobgoblins
  2 quokkas (D:4)
  11 ball pythons
  6 bats
  4 frilled lizards
  5 kobolds
  4 rats
96 creatures vanquished.

Vanquished Creatures (others)
  467 foxfires
467 creatures vanquished.

Grand Total: 563 creatures vanquished

Notes
Turn   | Place    | Note
-------+----------+-------------------------------------------
     0 | D:1      | raph the Djinni Fire Elementalist began the quest for the
                  | Orb.
     0 | D:1      | Reached XP level 1. HP: 15/15 MP: 0/0
   890 | D:1      | Reached XP level 2. HP: 18/21 MP: 0/0
  1733 | D:2      | Reached XP level 3. HP: 20/25 MP: 0/0
  1733 | D:2      | Learned a level 1 spell: Corona
  2020 | D:2      | Noticed Terence
  2143 | D:1      | HP: 1/25 [ball python (2)]
  2152 | D:1      | HP: 1/25 [ball python (1)]
  2168 | D:1      | Gained mutation: You occasionally shout uncontrollably at
                  | your foes. [potion of mutation]
  2168 | D:1      | Gained mutation: Your muscles are strong. (Str +2) [potion
                  | of mutation]
  3458 | D:3      | Reached XP level 4. HP: 27/31 MP: 0/0
  4446 | D:4      | Found Poagiaso's Magic Scroll Boutique.
  4587 | D:4      | Bought a scroll of teleportation for 30 gold pieces
  4587 | D:4      | Bought a scroll of enchant armour for 75 gold pieces
  4694 | D:4      | Reached XP level 5. HP: 30/35 MP: 0/0
  4694 | D:4      | Learned a level 2 spell: Call Imp
  5641 | D:4      | Reached XP level 6. HP: 27/40 MP: 0/0
  6679 | D:4      | Reached skill level 5 in Spellcasting
  7065 | D:5      | Entered Level 5 of the Dungeon
  7219 | D:5      | Found a staircase to the Ecumenical Temple.
  7233 | Temple   | Entered the Ecumenical Temple
  7370 | Temple   | Became a worshipper of Ashenzari the Shackled
  7396 | D:5      | Noticed an ice beast
  7404 | D:5      | Killed an ice beast
  7405 | D:5      | Reached skill level 1 in Fighting
  7405 | D:5      | Reached XP level 7. HP: 41/47 MP: 0/0
  7405 | D:5      | Learned a level 3 spell: Ignite Poison
  7677 | D:5      | Found a sparkling altar of Nemelex Xobeh.
  7881 | D:5      | Identified the Catalogue of the Fiery Mountains
  7975 | D:5      | Reached XP level 8. HP: 34/56 MP: 0/0
  8379 | D:5      | Found a glowing silver altar of Zin.
  8643 | D:5      | Identified a scroll of acquirement
  8652 | D:5      | Acquired the +8 mithril axe "Arga" {speed, Will+}
  8652 | D:5      | Found the +8 mithril axe "Arga" {speed, Will+}
  8691 | D:5      | Reached skill level 5 in Dodging
  8954 | D:6      | Splashed by an acid dragon's acid

Illustrated notes

Levels and vault maps discovered:
D:1:      scummos_arrival_simple_fountains, layout_loops_ring
D:2:      layout_basic, basic_ecumenical_altar, basic_altar,
          minmay_pentomino_p2, uniq_terence
D:3:      layout_loops_cross, grunt_ministairs_15
D:4:      layout_basic, old_standard_altar, serial_shops, shop,
          minmay_snake_closets
D:5:      layout_rooms, zin_treasury, grunt_temple_overflow_open,
          minmay_temple_entry_mini_moons, minmay_fractal_squares_gapless_5
D:6:      layout_cave_pools, mainiacjoe_overflow_tiny_flanked,
          amcnicky_altar_gilded
Temple:   nicolae_temple_great_sept

Skill      XL: |  1  2  3  4  5  6  7  8 |
---------------+-------------------------+-----
Spellcasting   | 3 4 5 |  5.9
Fighting       | 1 3 |  3.9
Dodging        | 3 4 5 |  5.2
Stealth        | |  1.9

Action                   |  1- 3 |  4- 6 |  7- 9 || total
-------------------------+-------+-------+-------++-------
Melee: Unarmed           |     1 |       |       ||     1
       Trident           |    31 |    13 |     3 ||    47
       Broad axe         |       |       |     1 ||     1
 Cast: Foxfire           |    69 |   127 |    86 ||   282
       Sticky Flame      |       |       |     6 ||     6
  Use: Scroll            |     5 |     1 |     2 ||     8
       Potion            |     2 |       |       ||     2
Armor: Robe              |    10 |     4 |     5 ||    19
       Skin              |    13 |       |       ||    13
Dodge: Dodged            |    60 |    26 |    18 ||   104
